[Event "*** Titled Tuesday Blitz"]
[Site "Chess.com"]
[Date "2020.05.19"]
[Round "9"]
[White "CrushingKings"]
[Black "PredragNikac"]
[Result "0-1"]
[WhiteElo "2500"]
[BlackElo "2324"]
[TimeControl "180+1"]
[EndTime "13:45:39 PDT"]
[Termination "PredragNikac won by resignation"]

1. e4 d5 2. exd5 Nf6 3. Bb5+ Nbd7 4. Nf3 g6 5. O-O Bg7 6. c4 O-O 7. d4 Nb6 8. Nbd2 a6 9. Ba4 Nxc4 10. Nxc4 b5 11.
Bb3 bxc4 12. Bxc4 Bb7 13. h3 Bxd5 14. b3 Bxf3 15. Qxf3 Qxd4 16. Ba3 Qe4 17. Qxe4 Nxe4 18. Rad1 Nd6 19. Bd5 Rab8 20. Rc1 Rfc8 21. Rc6 a5 22.
Rfc1 h5 23. Bxd6 exd6 24. Rxc7 Rxc7 25. Rxc7 Rf8 26. Rc6 Be5 27. Ra6 Rc8 28. g3 Rc5 29. Bc4 d5 30. Bd3 Rc3 31. Bf1 Rc2 32. Rxa5 Bd4 33.
Rxd5 Bxf2+ 34. Kg2 Rxa2 35. Kf3 Be1 36. Bc4 Rf2+ 37.
Ke4 Kg7 38. Rd7 g5 39. g4 h4 40. Be6 Re2+ 41. Kf5 Rxe6 0-1

[Event "*** Titled Tuesday Blitz"]
[Site "Chess.com"]
[Date "2020.05.19"]
[Round "9"]
[White "kasparicy"]
[Black "lupta_robin"]
[Result "1/2-1/2"]
[WhiteElo "2420"]
[BlackElo "2600"]
[TimeControl "180+1"]
[EndTime "13:45:41 PDT"]
[Termination "Game drawn by repetition"]

1. e4 c5 2. Nf3 d6 3. d4 cxd4 4.
Nxd4 Nf6 5. Nc3 g6 6. Be2 Bg7 7. Be3 O-O 8. Qd2 Nc6 9. h4 h5 10. O-O-O Bd7 11. f3 Rc8 12. Kb1 Ne5 13. g4 Nc4 14.
Bxc4 Rxc4 15. Nce2 Qc7 16. Bh6 Bxh6 17. Qxh6 e5 18.
gxh5 Nxh5 19. Rhg1 exd4 20. Qxh5 Ba4 21. Nxd4 Rxd4 22.
Rxd4 Qxc2+ 23. Ka1 Rc8 24. Rxg6+ fxg6 25. Qxg6+ Kh8 26.
Qh6+ Kg8 27. Qg6+ Kh8 28. Qh6+ Kg8 29. Qg6+ 1/2-1/2

[Event "*** Titled Tuesday Blitz"]
[Site "Chess.com"]
[Date "2020.05.19"]
[Round "9"]
[White "Last7Samurai"]
[Black "JozefKneht"]
[Result "0-1"]
[WhiteElo "2784"]
[BlackElo "2517"]
[TimeControl "180+1"]
[EndTime "13:45:42 PDT"]
[Termination "JozefKneht won by resignation"]

1. e4 e5 2. Nf3 Nc6 3. Bb5 a6 4.
Ba4 Nf6 5. O-O Be7 6. Re1 b5 7. Bb3 d6 8. c3 O-O 9. h3 Na5 10. Bc2 c5 11. d4 Nd7 12. a4 b4 13. Nbd2 Rb8 14. Nf1 c4 15. Ng3 b3 16. Bb1 g6 17.
Bh6 Re8 18. Nh2 Bf8 19. Ng4 Bg7 20. Qd2 Nf6 21. Bg5 Bxg4 22. hxg4 Qc8 23. f3 Nc6 24. d5 Na5 25. Bh6 Qc5+ 26. Kh2 Nd7 27. Nf5 Bh8 28. Be3 Qc7 29. Nh6+ Kf8 30. Kg3 Bg7 31.
Rh1 Ke7 32. Bg5+ f6 33. Nf5+ gxf5 34. Rxh7 Rg8 35. Bh6 f4+ 36. Kf2 Kf7 37. g5 Nf8 38. Rxg7+ Rxg7 39. Bxg7 Kxg7 40. gxf6+ Kxf6 41. Qe1 Qc5+ 0-1

[Event "*** Titled Tuesday Blitz"]
[Site "Chess.com"]
[Date "2020.05.19"]
[Round "9"]
[White "Lubov_Gordyk"]
[Black "colonelcassad"]
[Result "1-0"]
[WhiteElo "2621"]
[BlackElo "2413"]
[TimeControl "180+1"]
[EndTime "13:45:44 PDT"]
[Termination "Lubov_Gordyk won by resignation"]

1. e4 d6 2. d4 Nf6 3. Nc3 c6 4. a4 g6 5. h3 Bg7 6. g4 e5 7. Nge2 Nbd7 8. Bg2 O-O 9. O-O Re8 10. Be3 Qc7 11. Ng3 d5 12. exd5 cxd5 13. g5 Ne4 14. Nxd5 Qc4 15. Nxe4 Qxd5 16. Nf6+ Nxf6 17. gxf6 e4 18.
fxg7 Bf5 19. Qd2 Re6 20. b3 Qd7 21. Kh2 g5 22. Bxg5 Rg6 23. Rg1 h6 24. Bf4 Re8 25.
Qe3 Qc8 26. c4 Kh7 27. Bf1 Rg8 28. Rxg6 fxg6 29. Bxh6 g5 30. Qxg5 Bg6 31. Qe3 Qc7+ 32. Bf4 Qf7 33. Be5 Qe6 34. Bg2 1-0

[Event "*** Titled Tuesday Blitz"]
[Site "Chess.com"]
[Date "2020.05.19"]
[Round "9"]
[White "sopo-tereladze"]
[Black "Shushik"]
[Result "1-0"]
[WhiteElo "2325"]
[BlackElo "2107"]
[TimeControl "180+1"]
[EndTime "13:45:45 PDT"]
[Termination "sopo-tereladze won by resignation"]

1. e4 e5 2. Nf3 Nc6 3. Bc4 Bc5 4. c3 Nf6 5. d4 exd4 6. e5 d5 7. Bb5 Ne4 8. cxd4 Bb6 9. O-O O-O 10. h3 f6 11. Nc3 Nxc3 12. bxc3 fxe5 13. Bxc6 bxc6 14. Nxe5 Qf6 15. Ba3 Re8 16. Ng4 Bxg4 17. Qxg4 Re4 18. Qg3 Rae8 19. Rab1 Re2 20. Bc1 Rxa2 21. Bf4 Rc2 22.
Rbe1 Qf7 23. Be5 Rf8 24. Re3 Qg6 25. Qh4 a5 26. Rg3 Rcxf2 27. Rxf2 Qb1+ 28. Kh2 Rxf2 29. Rxg7+ Kh8 30. Qd8+ 1-0

[Event "*** Titled Tuesday Blitz"]
[Site "Chess.com"]
[Date "2020.05.19"]
[Round "9"]
[White "allvim"]
[Black "SergioGarciaFuentes"]
[Result "0-1"]
[WhiteElo "2234"]
[BlackElo "2128"]
[TimeControl "180+1"]
[EndTime "13:45:46 PDT"]
[Termination "SergioGarciaFuentes won by checkmate"]

1. e4 e5 2. f4 d5 3. exd5 exf4 4.
Nf3 Nf6 5. Be2 Nxd5 6. O-O Bd6 7.
d4 O-O 8. c4 Ne3 9. Bxe3 fxe3 10. Nc3 Nc6 11. a3 Bg4 12. Rc1 Bxf3 13. Bxf3 Nxd4 14.
Bxb7 Rb8 15. Bd5 Qh4 16. g3 Bxg3 17. hxg3 Qxg3+ 18. Bg2 Rxb2 19. Rc2 Rxc2 20. Qxc2 Nxc2 21. Ne2 Qg4 22. Nf4 Nd4 23. Nd5 e2 24. Rb1 Re8 25. Ne3 Qg5 26. Kf2 Qxe3+ 27. Ke1 Nc2# 0-1

[Event "*** Titled Tuesday Blitz"]
[Site "Chess.com"]
[Date "2020.05.19"]
[Round "9"]
[White "Khamrakulov_Djurabek"]
[Black "davidkalashian"]
[Result "1-0"]
[WhiteElo "2797"]
[BlackElo "2617"]
[TimeControl "180+1"]
[EndTime "13:45:48 PDT"]
[Termination "Khamrakulov_Djurabek won by resignation"]

1. e4 c6 2. Nc3 g6 3. Nf3 Bg7 4. d4 d6 5. Bc4 Nf6 6. Qe2 O-O 7. e5 Ne8 8. Bf4 Nc7 9. Bd3 Nd7 10. O-O-O Nb6 11.
Ne4 Nbd5 12. Bg3 Ne6 13. exd6 exd6 14. Bxd6 Re8 15. Ba3 Nxd4 16. Nxd4 Bxd4 17. Qf3 Be5 18.
g3 Bf5 19. h4 h5 20. Ng5 Bf6 21. Nxf7 Kxf7 22. Bxf5 gxf5 23. Qxh5+ Kg7 24. c4 Rc8 25. Qxf5 Qb6 26. cxd5 cxd5+ 27. Kb1 Re2 28. Qg4+ 1-0

[Event "*** Titled Tuesday Blitz"]
[Site "Chess.com"]
[Date "2020.05.19"]
[Round "9"]
[White "ChessQueen"]
[Black "dretch"]
[Result "0-1"]
[WhiteElo "2617"]
[BlackElo "2773"]
[TimeControl "180+1"]
[EndTime "13:45:51 PDT"]
[Termination "dretch won by resignation"]

1. e4 e6 2. d4 d5 3. exd5 exd5 4. Nf3 Bd6 5. c4 Nf6 6. c5 Be7 7. Bd3 b6 8. Be3 O-O 9. O-O bxc5 10. dxc5 Na6 11.
Bxa6 Bxa6 12. Re1 Rb8 13. Qa4 Qc8 14. b4 Ne4 15. Nbd2 Bf6 16. Rac1 Nc3 17. Qb3 Ne2+ 18. Rxe2 Bxe2 19. c6 a5 20. Bc5 Re8 21. Qxd5 axb4 22. Ne4 Bb2 23. Rc2 Bxf3 24. gxf3 Be5 25. Rc4 Qf5 26. Ng3 Qb1+ 27. Kg2 Rbd8 28. Qe4 Qxe4 29. fxe4 Re6 30. Bxb4 Rd4 31. Rxd4 Bxd4 32. Nf5 Bf6 33. Kf3 Rxc6 34. e5 Bd8 35. a3 Rc4 36. Ne3 Rc1 37.
Bd2 Ra1 38. Bb4 c6 39. Nf5 g6 40. Nd4 Rc1 41. Nb3 Rc2 42. Nd4 Rc4 43. Nb3 Bb6 44. Bd2 Rc2 45. Ke2 Rb2 0-1

[Event "*** Titled Tuesday Blitz"]
[Site "Chess.com"]
[Date "2020.05.19"]
[Round "9"]
[White "anon569"]
[Black "Gerodot71"]
[Result "0-1"]
[WhiteElo "2257"]
[BlackElo "2382"]
[TimeControl "180+1"]
[EndTime "13:45:51 PDT"]
[Termination "Gerodot71 won on time"]

1. e4 e5 2. Nf3 Nc6 3. Bb5 a6 4. Ba4 Nf6 5. O-O Be7 6. Re1 b5 7. Bb3 d6 8. h3 O-O 9. c3 Nb8 10. d4 Nbd7 11. Nbd2 Bb7 12. Bc2 Re8 13. Nf1 Bf8 14. Ng3 g6 15. a4 Bg7 16. d5 Nb6 17. a5 Nbd7 18. Be3 Qe7 19. Qd2 c6 20. dxc6 Bxc6 21.
Red1 Bf8 22. Bh6 Rad8 23. Bg5 h6 24. Bxh6 Nc5 25. Bg5 Qe6 26. Qe2 Bg7 27. Nh4 d5 28. exd5 Bxd5 29. Qe3 Qc6 30. Rd2 Ne6 31. Bh6 Nf4 32.
Bxf4 exf4 33. Qxf4 Be6 34. Nxg6 fxg6 35. Bxg6 Rxd2 36.
Bxe8 Qd6 37. Qh4 Nxe8 38. Ne4 Rd1+ 39. Rxd1 Qxd1+ 40. Kh2 Qd5 41. f3 Qe5+ 42. g3 Nf6 0-1

[Event "*** Titled Tuesday Blitz"]
[Site "Chess.com"]
[Date "2020.05.19"]
[Round "9"]
[White "ChessMavenYeti"]
[Black "queen_iryna"]
[Result "1-0"]
[WhiteElo "2117"]
[BlackElo "2308"]
[TimeControl "180+1"]
[EndTime "13:45:52 PDT"]
[Termination "ChessMavenYeti won by resignation"]

1. d4 d5 2. c4 c6 3. e3 Nf6 4. Nf3 Bf5 5. Nc3 e6 6. Qb3 Qb6 7. c5 Qc7 8. Be2 Nbd7 9. O-O e5 10. dxe5 Nxc5 11. Qd1 Nfd7 12. Nd4 Qxe5 13. Nxf5 Qxf5 14. Bg4 Qg6 15. e4 dxe4 16. Nxe4 Be7 17. Nxc5 Nxc5 18. Re1 Ne6 19. Rxe6 fxe6 20. Bh5 Rd8 21. Bxg6+ hxg6 22. Qe2 Kf7 23. Bf4 Bf6 24. Re1 Rhe8 25. b3 Rd5 26. Be3 b6 27. Qc4 c5 28. Qa6 Re7 29. Bf4 Red7 30. h3 g5 31. Bb8 Rd1 32. Rxd1 Rxd1+ 33. Kh2 Rd7 34. Bxa7 Be5+ 35. g3 Rd2 36. Kg2 Bd4 37. Qb7+ Kg6 38. Qe4+ Kf7 39. Qf3+ Kg6 40. Bxb6 Rxa2 41. b4 Rb2 42. Bxc5 Bxc5 43. bxc5 Kh6 44. Qe4 Rb5 45. Qxe6+ g6 46. c6 Rc5 47. Qd6 Rc2 48. Qf8+ Kh7 49. Qf7+ Kh6 50. c7 g4 51. h4 g5 52. Qf6+ Kh7 53. Qf5+ Kh6 54. Qxc2 gxh4 55.
c8=Q h3+ 56. Kh2 1-0

[Event "*** Titled Tuesday Blitz"]
[Site "Chess.com"]
[Date "2020.05.19"]
[Round "9"]
[White "WildTricks"]
[Black "frankshar"]
[Result "1-0"]
[WhiteElo "2538"]
[BlackElo "2376"]
[TimeControl "180+1"]
[EndTime "13:45:54 PDT"]
[Termination "WildTricks won by checkmate"]

1. Nf3 Nf6 2. g3 e6 3. Bg2 d5 4. O-O Be7 5. c4 O-O 6. d4 dxc4 7. Ne5 c5 8. dxc5 Qc7 9. Nxc4 Rd8 10. Qc2 Bxc5 11. Nc3 Bxf2+ 12. Rxf2 Qxc4 13. Bg5 Nbd7 14. Raf1 Qc5 15. Qd2 Rf8 16. b4 Qxb4 17. h3 Qc5 18. Kh2 Rb8 19. Bf4 e5 20. Bg5 b6 21. Rxf6 Nxf6 22.
Rxf6 gxf6 23. Bxf6 e4 24. Qh6 Qg1+ 25. Kxg1 Bf5 26.
Qg7# 1-0

[Event "*** Titled Tuesday Blitz"]
[Site "Chess.com"]
[Date "2020.05.19"]
[Round "9"]
[White "albano87"]
[Black "VolodymyrMolyboha"]
[Result "0-1"]
[WhiteElo "2331"]
[BlackElo "2416"]
[TimeControl "180+1"]
[EndTime "13:45:54 PDT"]
[Termination "VolodymyrMolyboha won on time"]

1. Nf3 g6 2. d4 Bg7 3. g3 Nf6 4. Bg2 O-O 5. O-O d6 6. a4 Nbd7 7. Nc3 c5 8. e4 cxd4 9. Nxd4 Rb8 10. h3 a6 11. Be3 Qc7 12. Qd2 b6 13. Bh6 Bb7 14.
Rfe1 Ne5 15. Qg5 Nc4 16. b3 Bxh6 17. Qxh6 Qc5 18. Nf5 gxf5 19. bxc4 Qxc4 20. Nd5 Bxd5 21. exd5 Rbe8 22. Rad1 Qxc2 23. Rd4 Qc3 24. Red1 Kh8 25. Rh4 Rg8 26. Kf1 Rg6 27. Qf4 Qc2 28. Re1 Kg7 29. Qf3 b5 0-1

[Event "*** Titled Tuesday Blitz"]
[Site "Chess.com"]
[Date "2020.05.19"]
[Round "9"]
[White "CzechmVIII"]
[Black "Kopytkin"]
[Result "0-1"]
[WhiteElo "2190"]
[BlackElo "2328"]
[TimeControl "180+1"]
[EndTime "13:45:54 PDT"]
[Termination "Kopytkin won by resignation"]

1. e4 Nf6 2. e5 Nd5 3. d4 d6 4.
Nf3 g6 5. Bc4 Nb6 6. Bb3 d5 7.
a4 Bg7 8. a5 Nc4 9. O-O O-O 10.
Nbd2 b5 11. axb6 Nxb6 12. c3 a5 13. Re1 Bf5 14. Nf1 N8d7 15. Ne3 e6 16. Nxf5 gxf5 17.
Bg5 f6 18. exf6 Bxf6 19. Qd2 Re8 20. Bxf6 Qxf6 21. Ne5 Nxe5 22. Rxe5 a4 23. Bc2 Nc4 24. Qe2 Nxe5 25. dxe5 Qg5 26. g3 Reb8 27. f4 Qe7 28. Rxa4 Qe8 29. Rxa8 Rxa8 30. Qg2 Qh5 31. Qd2 Qf3 32.
Qg2 Ra1+ 0-1

[Event "*** Titled Tuesday Blitz"]
[Site "Chess.com"]
[Date "2020.05.19"]
[Round "9"]
[White "VladimirBugayev"]
[Black "robertofabregas"]
[Result "1-0"]
[WhiteElo "2245"]
[BlackElo "2102"]
[TimeControl "180+1"]
[EndTime "13:45:54 PDT"]
[Termination "VladimirBugayev won by resignation"]

1. e4 c5 2. a3 d6 3. Nc3 Nc6 4. Bc4 g6 5. h4 Nf6 6. d3 Bg7 7. Nge2 a6 8. Ng3 b5 9. Bd5 Nxd5 10. Nxd5 e6 11. Ne3 h5 12. c3 Rb8 13. Bd2 Bd7 14.
f4 b4 15. axb4 cxb4 16. Rxa6 bxc3 17. bxc3 Rb2 18. Qc1 Qb8 19. O-O O-O 20. f5 Qb7 21. Ra1 exf5 22. exf5 Be5 23. Ne4 Qb6 24. Kh1 Na5 25.
Rxa5 Rxd2 26. Rxe5 Qxe3 27. Nf6+ Kg7 28. Rxe3 1-0

[Event "*** Titled Tuesday Blitz"]
[Site "Chess.com"]
[Date "2020.05.19"]
[Round "9"]
[White "MYMChessAcademy"]
[Black "UCantHandleDenker"]
[Result "1-0"]
[WhiteElo "2424"]
[BlackElo "2543"]
[TimeControl "180+1"]
[EndTime "13:45:55 PDT"]
[Termination "MYMChessAcademy won by resignation"]

1. e4 c5 2. Ne2 d6 3. Nbc3 Nf6 4. g3 g6 5. Bg2 Bg7 6. O-O O-O 7. d3 Nc6 8. h3 Rb8 9. f4 Bd7 10. g4 b5 11. Ng3 b4 12. Nce2 a5 13. g5 Ne8 14.
f5 a4 15. Rb1 Nc7 16. Nf4 Ne5 17. h4 a3 18. bxa3 Nb5 19. Bd2 Nxa3 20. Rc1 Ba4 21.
h5 Qb6 22. Nd5 Qd8 23. f6 exf6 24. gxf6 Re8 25. fxg7 Nxd3 26. hxg6 hxg6 27. Nf6+ Kxg7 28. Nxe8+ Qxe8 29. Qf3 Nxc1 30. Qf6+ Kg8 31. Bh6 Qe5 32. Qxf7+ Kh8 33. Bxc1 Nxc2 34. Qxg6 Nd4 35. Rf7 1-0

[Event "*** Titled Tuesday Blitz"]
[Site "Chess.com"]
[Date "2020.05.19"]
[Round "9"]
[White "vinniethepooh"]
[Black "stasiek18"]
[Result "1-0"]
[WhiteElo "2530"]
[BlackElo "2365"]
[TimeControl "180+1"]
[EndTime "13:45:56 PDT"]
[Termination "vinniethepooh won by resignation"]

1. d4 Nf6 2. c4 g6 3. Nc3 d5 4. cxd5 Nxd5 5. Bd2 Bg7 6. e4 Nxc3 7. Bxc3 O-O 8. Qd2 c5 9. d5 Bxc3 10. bxc3 e6 11. d6 Nc6 12. h4 e5 13. h5 g5 14.
Bc4 Be6 15. Bxe6 fxe6 16. Nf3 Rf4 17. O-O-O Qf6 18. Rh3 g4 19. Rg3 Kh8 20. Nh2 Qh4 21. Nf1 Raf8 22. f3 Qxh5 23. Ne3 gxf3 24. gxf3 Qh4 25.
Rdg1 Rxf3 26. Rxf3 Rxf3 27. Qg2 1-0

[Event "*** Titled Tuesday Blitz"]
[Site "Chess.com"]
[Date "2020.05.19"]
[Round "9"]
[White "Chuchofrio1"]
[Black "NotFischer"]
[Result "1-0"]
[WhiteElo "2231"]
[BlackElo "2096"]
[TimeControl "180+1"]
[EndTime "13:45:57 PDT"]
[Termination "Chuchofrio1 won by resignation"]

1. d4 g6 2. c4 Bg7 3. e4 d6 4.
f4 c5 5. d5 Nf6 6. Nc3 e6 7. dxe6 Bxe6 8. Nf3 O-O 9. Bd3 Nc6 10. f5 Bd7 11. O-O h6 12. fxg6 fxg6 13. e5 dxe5 14. Bxg6 Bg4 15. Qe1 Bxf3 16. Rxf3 Nd4 17.
Rg3 Kh8 18. Be3 Ng8 19. Rd1 Ne7 20. Bb1 Nef5 21. Rh3 Nxe3 22. Qxe3 Qb6 23. Qe4 Nf5 24. g4 Qg6 25. Kh1 Rad8 26. Rxd8 Rxd8 27. Qxf5 Qxf5 28. Bxf5 e4 29. Bxe4 Rd2 30. Rd3 Rxb2 31.
Rd8+ 1-0

[Event "*** Titled Tuesday Blitz"]
[Site "Chess.com"]
[Date "2020.05.19"]
[Round "9"]
[White "m-garcett"]
[Black "PauloFanha"]
[Result "0-1"]
[WhiteElo "2076"]
[BlackElo "1963"]
[TimeControl "180+1"]
[EndTime "13:45:57 PDT"]
[Termination "PauloFanha won on time"]

1. e4 d5 2. exd5 Qxd5 3. Nc3 Qd6 4. Bc4 Nf6 5. d4 c6 6. Be3 Bg4 7. f3 Bf5 8. Qd2 e6 9. O-O-O Qc7 10. g4 Bg6 11. h4 h5 12. g5 Nd5 13. Bxd5 cxd5 14.
Bf4 Qb6 15. Qe2 Be7 16. Qb5+ Nd7 17. Nge2 a6 18. Qa4 Qc6 19. Qxc6 bxc6 20. Rhe1 O-O 21. Bg3 Rfc8 22. Nf4 c5 23. Nxg6 fxg6 24. Rxe6 Kf7 25.
Ree1 Nb6 26. dxc5 Bxc5 27. Nxd5 Re8 28. Nxb6 Bxb6 29. Rxe8 Rxe8 30. Re1 Rd8 31. c3 Rd3 0-1

[Event "*** Titled Tuesday Blitz"]
[Site "Chess.com"]
[Date "2020.05.19"]
[Round "9"]
[White "petrkostenko"]
[Black "ChelsieMonica"]
[Result "1-0"]
[WhiteElo "2541"]
[BlackElo "2365"]
[TimeControl "180+1"]
[EndTime "13:45:59 PDT"]
[Termination "petrkostenko won by checkmate"]

1. e4 e5 2. Nf3 Nc6 3. Bc4 Bc5 4. c3 Nf6 5. d3 O-O 6. Nbd2 h6 7. h3 a5 8. Bb3 Re8 9. Nh2 d5 10. exd5 Nxd5 11. Ne4 Bb6 12. Bxh6 Nf4 13. Bxf4 exf4 14. O-O Bf5 15. Re1 Qh4 16. Nf3 Qh6 17. Neg5 Rf8 18. d4 Rad8 19. Qd2 Qd6 20. Rad1 Bg6 21. Nh4 Bh5 22.
Rc1 Kh8 23. Ne4 Qh6 24. Nf5 Qh7 25. Qxf4 Bg6 26. Ng5 Qh5 27. g4 f6 28. gxh5 fxg5 29. Qxg5 Bxf5 30. Re3 Rd6 31. Rg3 g6 32. Kh2 Nd8 33. Qh6# 1-0

[Event "*** Titled Tuesday Blitz"]
[Site "Chess.com"]
[Date "2020.05.19"]
[Round "9"]
[White "szachuspl"]
[Black "czasnaszachy"]
[Result "1-0"]
[WhiteElo "2537"]
[BlackElo "2374"]
[TimeControl "180+1"]
[EndTime "13:45:59 PDT"]
[Termination "szachuspl won on time"]

1. d4 Nf6 2. c4 e6 3. Nf3 b6 4. g3 Ba6 5. Qc2 c5 6. dxc5 bxc5 7. Bg2 Bb7 8. Nc3 Be7 9. O-O d6 10. Rd1 Nbd7 11. Bf4 Qb6 12. Rd2 O-O 13. Rad1 e5 14.
Bg5 h6 15. Bxf6 Nxf6 16. Nh4 Rfd8 17. Bxb7 Qxb7 18. Nf5 Bf8 19. Ne3 Rdb8 20. b3 a5 21.
Nb5 a4 22. f3 axb3 23. axb3 Ne8 24. Nf5 Ra6 25. Rd3 Rba8 26. Nfxd6 Nxd6 27. Nxd6 Bxd6 28. Rxd6 Rxd6 29. Rxd6 Rb8 30. Rd3 e4 31. fxe4 Re8 32. Rd5 f6 33. Kf2 Rb8 34. Qd3 Re8 35. Kf3 Qc8 36.
Rd7 Qb8 37. Qd5+ Kh8 38. Qf7 Rg8 39. Rb7 Qe5 40. Qd5 Qc3+ 41. Qd3 Qe5 42. Rd7 Re8 43.
Rd5 Qa1 44. Kg2 Qc1 45. Rxc5 1-0

[Event "*** Titled Tuesday Blitz"]
[Site "Chess.com"]
[Date "2020.05.19"]
[Round "9"]
[White "SamuelGhimpu2003"]
[Black "fighter2jz"]
[Result "0-1"]
[WhiteElo "2601"]
[BlackElo "2767"]
[TimeControl "180+1"]
[EndTime "13:46:00 PDT"]
[Termination "fighter2jz won by resignation"]

1. Nf3 a6 2. d4 h6 3. c4 g6 4. Nc3 Bg7 5. e4 b6 6. Bd3 Bb7 7. O-O d6 8. Re1 Nd7 9. e5 dxe5 10. Nxe5 Nxe5 11. dxe5 e6 12. Bf4 Ne7 13. h4 Nf5 14. Bxf5 gxf5 15. Qh5 Qd4 16. Be3 Qxc4 17. Rac1 Rg8 18. f3 Bxe5 19. Bf2 Qf4 20. Rxe5 Qxe5 21. Re1 Qf6 22. Be3 Qg6 23. Qxg6 Rxg6 24. Kf2 Rd8 25.
Bf4 Rd7 26. h5 Rg8 27. Re2 b5 28. a3 c5 29. Re5 Bd5 30. g3 f6 31. Re1 Kf7 32.
b4 cxb4 33. axb4 Rc8 34. Ne2 Rc2 35. Ke3 Bc4 36. Bxh6 0-1

[Event "*** Titled Tuesday Blitz"]
[Site "Chess.com"]
[Date "2020.05.19"]
[Round "9"]
[White "ajdemipopushi"]
[Black "plumalka"]
[Result "1-0"]
[WhiteElo "2323"]
[BlackElo "2467"]
[TimeControl "180+1"]
[EndTime "13:46:00 PDT"]
[Termination "ajdemipopushi won by checkmate"]

1. Nf3 c5 2. g3 Nc6 3. Bg2 e5 4. c4 g6 5. O-O Bg7 6. Nc3 Nge7 7. a3 a5 8. Rb1 d6 9. d3 Be6 10.
Ng5 Bd7 11. Nb5 Bc8 12. Ne4 O-O 13. Nexd6 f5 14. Bd2 Be6 15. Nxb7 Qb6 16. N7d6 Rad8 17. b4 axb4 18. axb4 Nxb4 19. Nb7 Rb8 20. Nxc5 Na6 21.
Nxa6 Qxa6 22. Nc7 Rxb1 23. Qxb1 Qd6 24. Nxe6 Qxe6 25. Qb7 Kh8 26. Bb4 Re8 27. Ra1 e4 28. Ra7 exd3 29. exd3 Bf6 30. Bc6 Rc8 31. Bd5 Qe2 32.
Bxe7 Bd4 33. Bf6+ Bxf6 34. Qxh7# 1-0

[Event "*** Titled Tuesday Blitz"]
[Site "Chess.com"]
[Date "2020.05.19"]
[Round "9"]
[White "DraG0s3L"]
[Black "mjray79"]
[Result "0-1"]
[WhiteElo "2479"]
[BlackElo "2309"]
[TimeControl "180+1"]
[EndTime "13:46:00 PDT"]
[Termination "mjray79 won by resignation"]

1. Nf3 Nf6 2. d4 g6 3. c4 Bg7 4. Nc3 d6 5. e4 O-O 6. Be2 e5 7.
d5 a5 8. h3 Na6 9. Be3 Bd7 10.
Qc2 Ne8 11. a3 f5 12. Nd2 f4 13. O-O-O fxe3 14. fxe3 Nc5 15. b4 axb4 16. axb4 Na4 17.
Nb3 Nxc3 18. Qxc3 Ba4 19. Kb2 Bxb3 20. Kxb3 Qh4 21. Bf3 Nf6 22. Qc2 b5 23. c5 Ra4 24.
Ra1 Rfa8 25. Rxa4 Rxa4 26. cxd6 cxd6 27. Qc8+ Bf8 28. Qe6+ Kg7 29. Rc1 Ra7 30. Qc8 Qf2 31. Rc7+ Be7 32. Rxa7 Qxe3+ 33. Kb2 Qxa7 34. Qc6 Qd4+ 35.
Kb3 Nxe4 36. Qxb5 Nd2+ 37. Kc2 Nxf3 38. gxf3 Qe3 39. Qd7 Kf8 40. Qc8+ Kg7 41. Qd7 Qg5 42. b5 Qf5+ 43. Qxf5 gxf5 44. b6 Bd8 45. b7 Bc7 46. Kb3 Bb8 47. Kc4 Kf6 48. Kb5 e4 49. fxe4 fxe4 50. Kc6 e3 51. Kd7 e2 52. Kc8 Ba7 53. b8=Q Bxb8 54. Kxb8 e1=Q 55. Kc7 0-1

[Event "*** Titled Tuesday Blitz"]
[Site "Chess.com"]
[Date "2020.05.19"]
[Round "9"]
[White "chessdjw"]
[Black "LADIESGET2KNOWME"]
[Result "1/2-1/2"]
[WhiteElo "2720"]
[BlackElo "2566"]
[TimeControl "180+1"]
[EndTime "13:46:01 PDT"]
[Termination "Game drawn by repetition"]

1. e4 e5 2. Nf3 Nc6 3. Bb5 a6 4.
Ba4 Nf6 5. d3 b5 6. Bb3 Bc5 7.
c3 d6 8. Bg5 h6 9. Bh4 O-O 10. Nbd2 Be6 11. Nf1 Re8 12. Ne3 g5 13. Nxg5 Nxe4 14. Nxe6 Qxh4 15. g3 Qf6 16. Qg4+ Ng5 17.
Nxc5 dxc5 18. h4 Qf3 19. hxg5 Qxh1+ 20. Ke2 Qxa1 21. gxh6+ Kf8 22. Nf5 Nd4+ 23. cxd4 exd4+ 24. Kf3 Qh1+ 25. Kf4 Qc1+ 26. Ne3 Rxe3 27. Qg7+ Ke7 28.
Qxf7+ Kd6 29. Qd5+ Ke7 30. Qf7+ Kd6 31. Qd5+ Ke7 32. Qf7+ 1/2-1/2

[Event "*** Titled Tuesday Blitz"]
[Site "Chess.com"]
[Date "2020.05.19"]
[Round "9"]
[White "Crazy_girl99"]
[Black "wild_cat99"]
[Result "0-1"]
[WhiteElo "2429"]
[BlackElo "2566"]
[TimeControl "180+1"]
[EndTime "13:46:01 PDT"]
[Termination "wild_cat99 won by checkmate"]

1. Nf3 Nf6 2. g3 g6 3. Bg2 Bg7 4. O-O O-O 5. d4 d5 6. c4 dxc4 7. Na3 Na6 8. Nxc4 c5 9. dxc5 Be6 10. Nce5 Nxc5 11. Be3 Nfe4 12. Rc1 Rc8 13. Bd4 Bxa2 14. b4 Nb3 15. Rxc8 Qxc8 16. e3 Rd8 17. Qe2 Nxd4 18.
exd4 Nc3 19. Qb2 Bd5 20. Re1 f6 21. Nd3 Qc7 22. Nc5 Nb5 23. Qe2 Bxf3 24. Qxb5 Bxg2 25.
Kxg2 b6 26. Ne6 Qb7+ 27. Kg1 Rc8 28. d5 Bh6 29. Qe2 Qxd5 30. f4 a5 31. bxa5 bxa5 32.
Qa6 Ra8 33. Qb6 Qd2 34. Kf1 Qxh2 35. Nc7 Rd8 36. Qe6+ Kh8 37. Qxe7 Qh3+ 38. Kf2 Rd2+ 39. Ke3 Qd7 40. Qxf6+ Bg7 41. Qe6 Qd3# 0-1

[Event "*** Titled Tuesday Blitz"]
[Site "Chess.com"]
[Date "2020.05.19"]
[Round "9"]
[White "Funo09"]
[Black "Bigfish1995"]
[Result "0-1"]
[WhiteElo "2768"]
[BlackElo "3009"]
[TimeControl "180+1"]
[EndTime "13:46:02 PDT"]
[Termination "Bigfish1995 won by resignation"]

1. e4 c5 2. Nc3 d6 3. f4 g6 4. Nf3 Bg7 5. d4 cxd4 6. Nxd4 Nc6 7. Be3 Nf6 8. Be2 O-O 9. Nb3 b6 10. g4 Bb7 11. g5 Nd7 12. Qd2 Nc5 13. Bf3 Nb4 14. O-O-O Rc8 15. Kb1 a5 16. h4 Bxc3 17. bxc3 Bxe4 18. cxb4 Nxb3 19. axb3 Bxf3 20. h5 Qd7 21. Bd4 Qf5 22. Kb2 axb4 23. Rde1 Bxh1 24. Rxh1 e5 25. fxe5 dxe5 26. Bxb6 Rc3 27. hxg6 Qxg6 28.
Rc1 Qxb6 0-1

[Event "*** Titled Tuesday Blitz"]
[Site "Chess.com"]
[Date "2020.05.19"]
[Round "9"]
[White "IngOscarArdila"]
[Black "northridgehawk"]
[Result "1-0"]
[WhiteElo "2059"]
[BlackElo "2215"]
[TimeControl "180+1"]
[EndTime "13:46:03 PDT"]
[Termination "IngOscarArdila won on time"]

1. d4 Nf6 2. Nf3 g6 3. g3 Bg7 4.
Bg2 O-O 5. O-O d5 6. Nbd2 c6 7.
c3 Nbd7 8. Re1 a5 9. e4 Nxe4 10. Nxe4 dxe4 11. Rxe4 Nf6 12. Re1 Be6 13. Ng5 Bd5 14.
Qe2 Bxg2 15. Kxg2 e6 16. f3 a4 17. a3 Nd5 18. Ne4 Qb6 19. Nc5 e5 20. Nd7 Qc7 21.
Nxf8 exd4 22. c4 Nb6 23. Qe7 Qxe7 24. Rxe7 Bxf8 25. Rxb7 Nxc4 26. b3 axb3 27. Rxb3 Bg7 28. Rab1 Be5 29. Bh6 f5 30. f4 Bd6 31. Rb7 Ne3+ 32. Kf3 Rxa3 33. Rg7+ Kh8 34. Rbb7 Ng4+ 35. Ke2 Re3+ 36. Kd2 Nxh6 37. Rxh7+ Kg8 38. Rxh6 c5 39.
Rxg6+ Kf8 40. Rxd6 Rc3 41. Rc6 1-0

[Event "*** Titled Tuesday Blitz"]
[Site "Chess.com"]
[Date "2020.05.19"]
[Round "9"]
[White "maciek_92"]
[Black "Msb2"]
[Result "0-1"]
[WhiteElo "2732"]
[BlackElo "2901"]
[TimeControl "180+1"]
[EndTime "13:46:05 PDT"]
[Termination "Msb2 won by resignation"]

1. e4 e6 2. d4 d5 3. Nd2 c5 4. Ngf3 cxd4 5. exd5 Qxd5 6. Bc4 Qd7 7. O-O Nc6 8. Nb3 a6 9. a4 Nf6 10. Nbxd4 Nxd4 11. Nxd4 Qc7 12. Qe2 Bd6 13. g3 O-O 14.
Bg5 Ne4 15. Be3 e5 16. Nb3 Bh3 17. Rfd1 Rac8 18. Bd5 Nf6 19. Bh1 Bg4 20. f3 Be6 21. Rd2 Bxb3 22. cxb3 Bc5 23. Re1 Bb4 24. Red1 Bxd2 25.
Rxd2 Rfd8 26. Rxd8+ Rxd8 27. Bg2 Nd5 28. Bf2 Qc1+ 29.
Bf1 f6 30. f4 exf4 31. Qe6+ Kh8 32. Kg2 fxg3 33. hxg3 Nc7 34. Qf7 Qc6+ 35. Kh2 Ne6 36. Bc4 Ng5 37. Qe7 Nf3+ 38. Kh3 Re8 39. Qf7 Ne5 0-1